Unix xNetHack Version 7.1.0 - last build May 27 2022 02:01:18 (40ddc3af3caeb211f83a4e7a6471a44cedb5a298). Game began 2022-06-02 09:57:57, ended 2022-06-02 10:08:34. Concrete, chaotic male human Rogue --------------- |.....<.......| |.............. |...%.........| --|--.-.------- ## # #@# f# Concrete the Cutpurse St:15 Dx:18 Co:13 In:12 Wi:11 Ch:7 Chaotic S:368 Dlvl:4 $:58 HP:0(28) Pw:8(8) AC:7 Xp:3/40 T:1459 Latest messages: You try to move the boulder, but in vain. Where do you want to travel to? (For instructions type a '?') You hit the lichen. You miss the lichen. You kill the lichen! You see here a whistle. n - a whistle {3}. You try to move the boulder, but in vain. A bear trap closes on your foot! You are caught in a bear trap. You are caught in a bear trap. You are caught in a bear trap. You are caught in a bear trap. You are caught in a bear trap. You are caught in a bear trap. You finally wriggle free. This door is locked. Unlock it with your lock pick? [ynq] (q) y You succeed in picking the lock. The door opens. Your leg feels better. The door resists! The door resists! The door opens. You descend the stairs. You kill the yellow mold! Welcome to experience level 3. You see here 9 gold pieces. $ - 9 gold pieces {0}. The door opens. The kitten bites! The kitten bites! You miss the kitten. The kitten bites! You miss the kitten. The kitten bites! The kitten bites! You miss the kitten. The kitten bites! You jab the kitten! The kitten bites! You gore the kitten! The kitten bites! You die... Do you want your possessions identified? [ynq] (y) n Do you want to see your attributes? [ynq] (y) n Do you want an account of creatures vanquished? [ynaq] (y) n Do you want to see your conduct and achievements? [ynq] (y) n Do you want to see the dungeon overview? [ynq] (y) n Major events: Turn 1: Concrete the chaotic male human Rogue entered the dungeon 1442: attained the rank of Cutpurse (level 3) 1459: killed by a kitten Inventory: Inventory: 264/750 weight (11/52 slots) Coins $ - 58 gold pieces {1} Weapons b - 6 +0 daggers (alternate weapons; not wielded) {60} a - a +0 short sword (weapon in hand) {30} Armor c - an uncursed +1 leather light armor (being worn) {113} Scrolls h - an uncursed scroll of confuse monster {5} g - an uncursed scroll of taming {5} Potions d - an uncursed potion of sickness {20} Wands j - a wand of speed monster (0:4) {7} Tools f - an empty uncursed sack {15} e - an uncursed lock pick {4} n - an uncursed magic whistle {3} Gems/Stones m - an uncursed worthless piece of red glass {1} Concrete the Rogue's attributes: Background: You were a Cutpurse, a level 3 male human Rogue. You were chaotic, on a mission for Kos who was opposed by Issek (lawful) and Mog (neutral). You were heterosexual. You were in the Dungeons of Doom, on level 4. You entered the dungeon 1459 turns ago. You had 40 experience points, 40 more were needed to attain level 4. Your score was 368 before end-of-game adjustments. Basics: You had 0 out of 28 hit points. You had all 8 energy points (spell power). Your armor class was 7. Your wallet contained 58 zorkmids. Autopickup was off. Final Characteristics: Your strength was 15 (limit:18/100). Your dexterity was 18 (limit:18). Your constitution was 13 (limit:18). Your intelligence was 12 (limit:18). Your wisdom was 11 (limit:18). Your charisma was 7 (limit:18). Final Status: You were not hungry. You were unencumbered. You were wielding a short sword. You had basic skill with short sword. Final Attributes: You were devoutly aligned. You were stealthy. You were warded. You are dead. Miscellaneous: You never encountered a bones level. Total elapsed playing time was 10 minutes and 36 seconds. Vanquished creatures: a giant rat 2 yellow molds a gecko 5 jackals a kobold a sewer rat 3 grid bugs 2 lichens a kobold zombie 6 newts 23 creatures vanquished. No species were genocided or became extinct. Voluntary challenges: You were illiterate. You never genocided any monsters. You never polymorphed an object. You never changed form. You never touched an artifact. You used no wishes. You never owned a pet. You never scared an enemy with impunity. You were celibate. You never generated conflict. Achievements: You entered a shop. You attained the rank of Cutpurse. The Dungeons of Doom: levels 1 to 4 Level 1: Level 2: A general store, a fountain. Level 3: An altar, a fountain. Level 4: <- You were here. Final resting place for you, killed by a kitten. Game over: __________ / \ / REST \ / IN \ / PEACE \ / \ | Concrete | | 58 Au | | killed by a | | kitten | | | | | | 2022 | *| * * * | * _________)/\\_//(\/(/\)/\//\/|_)_______ Goodbye Concrete the Rogue... You died in The Dungeons of Doom on dungeon level 4 with 363 points, and 58 pieces of gold, after 1459 moves. You were level 3 with a maximum of 28 hit points when you died.